 Dungeon Crawl Stone Soup version 0.20.1-1-g8b1a95d (webtiles) character file.

29197 KoningWillie the Severer (level 13, -19/116 HPs)
             Began as a Minotaur Fighter on Oct 4, 2017.
             Was a Priest of Fedhas.
             Killed from afar by a hell hog (20 damage)
             ... with a fireball
             ... on level 1 of the Abyss.
             The game lasted 00:39:01 (15552 turns).

KoningWillie the Severer (Minotaur Fighter)        Turns: 15552, Time: 00:39:02

Health: -19/116    AC: 21    Str: 25    XL:     13   Next: 13%
Magic:  12/12      EV:  9    Int:  8    God:    Fedhas [***...]
Gold:   671        SH: 15    Dex: 14    Spells: 12/12 levels left

rFire    . . .     SeeInvis .   y - +7 broad axe (distort)
rCold    . . .     Gourm    .   c - +0 shield
rNeg     . . .     Faith    .   h - +2 plate armour
rPois    .         Spirit   .   (helmet restricted)
rElec    .         Reflect  +   l - scarf {cloud immunity}
rCorr    .         Harm     .   k - +1 pair of gloves {Dex+3}
MR       .....                  n - +0 pair of boots
Stlth    ..........             H - +2 amulet of reflection
Regen    0.3/turn               A - +3 ring of intelligence
MPRegen  0.2/turn               (no ring)

@: about to teleport
A: retaliatory headbutt, horns 2
a: Fungal Bloom, Evolution, Sunlight, Growth, Renounce Religion


You were on level 1 of the Abyss.
You worshipped Fedhas.
Fedhas was most pleased with you.
You were not hungry.

You visited 3 branches of the dungeon, and saw 19 of its levels.
You visited the Abyss 1 time.
You also visited: Sewer.

You collected 1014 gold pieces.
You spent 343 gold pieces at shops.

Inventory:

Hand Weapons
 y - a +7 broad axe of distortion (weapon)
Armour
 c - a +0 shield (worn)
 h - a +2 plate armour (worn)
 k - a +1 pair of gloves of dexterity (worn)
 l - a scarf of cloud immunity (worn)
 n - a +0 pair of boots (worn)
Jewellery
 A - a +3 ring of intelligence (left hand)
 H - a +2 amulet of reflection (around neck)
Wands
 b - a wand of random effects (9/48)
 e - a wand of flame (29/48)
 r - a wand of acid (10/15)
Scrolls
 a - a scroll of recharging
 f - 5 scrolls of fog
 q - 4 scrolls of remove curse
 w - 2 scrolls of teleportation
 x - 4 scrolls of magic mapping
 E - 5 scrolls of identify
 K - 2 scrolls of amnesia
 R - a scroll of fear
 V - a scroll of blinking {unknown}
Potions
 d - 4 potions of might
 g - 6 potions of brilliance
 i - 4 potions of agility
 j - 4 potions of magic
 m - 2 potions of lignification
 o - 5 potions of haste
 p - 3 potions of flight
 u - 4 potions of curing
 I - a potion of mutation {unknown}
 N - a potion of degeneration {unknown}
 P - a potion of cancellation {unknown}
 Q - a potion of resistance {unknown}
Comestibles
 t - 5 meat rations
 C - 6 fruits
 J - 5 royal jellies
 X - 2 bread rations


   Skills:
 + Level 11.0 Fighting
 + Level 16.9 Axes
 + Level 12.1 Armour
 + Level 3.6 Dodging
 + Level 1.4 Stealth
 + Level 12.0 Shields
 + Level 0.8 Evocations


You had 12 spell levels left.
You didn't know any spells.

Dungeon Overview and Level Annotations

Branches:
Dungeon (15/15)            Temple (1/1) D:4            Lair (3/6) D:8
    Orc (0/2) D:11         Vaults (0/5) D:14
  Swamp: Lair:2-4    Shoals: Lair:2-4     Snake: Lair:2-4    Spider: Lair:2-4
 Depths: D:15

Altars:
Ashenzari
Cheibriados
Dithmenos
Elyvilon
Fedhas
Gozag
Hepliaklqana
Kikubaaqudgha
Makhleb
Nemelex Xobeh
Okawaru
Qazlal
Ru
Sif Muna
Trog
Uskayaw
Vehumet
Xom
Yredelemnul
Zin
The Shining One

Shops:
D:5 (   D:6 }   D:7 =   D:15 :

Portals:
Trove: D:11 (give horn of Geryon)

Annotations:
D:3 Andry07's ghost, amateur GrFi
D:5 Eustachio
D:12 Andry07's ghost, journeyman GrFi
D:15 Sonja
Abyss:1 Snorg


Innate Abilities, Weirdness & Mutations

You reflexively headbutt those who attack you in melee.
You have a pair of horns on your head.


Message History

A hell hog comes into view.
The hell hog squeals angrily.
The hell hog breathes fire at you.
The fireball explodes!
The fireball engulfs you!
* * * LOW HITPOINT WARNING * * *
A hell hog comes into view.
The hell hog squeals angrily.
You hear an angry squeal. x2; You hear a shout!
A hell hog comes into view.
As you read the scroll of teleportation, it crumbles to dust.
You feel strangely unstable.
You feel the power of the Abyss delaying your translocation!
The hell hog breathes fire at you.
The fireball explodes!
The fireball engulfs you!
* * * LOW HITPOINT WARNING * * *
Unknown command.
A hell hog and a ynoxinul come into view.
The hell hog breathes fire at you.
The fireball explodes!
The fireball engulfs you!
You die...
Fedhas appreciates your contribution to the ecosystem.

... .?.'.#....
...#.#..#....3..##.
.......#..........
#..#.........#..
..............
#..........# .
.#.###.........#.#
.......@..#......#
................#
.........h#h..(. #
..........h......#
..........#.h...##
..........#......#
.%........#...##.#
....#######h.## ...
#.# #..# ..


You could see 4 hell hogs and a ynoxinul.

Vanquished Creatures
  4 two-headed ogres
  An orc knight (D:15)
  6 ugly things
  4 deep elf magi
  A cyclops (D:14)
  2 manticores (D:14)
  Maurice (D:12)
  An elephant (D:8)
  Joseph (D:8)
  2 black mambas
  A centaur zombie (D:15)
  Psyche (D:10)
  3 gargoyles (D:15)
  3 spiny frogs
  3 komodo dragons
  A troll (D:13)
  2 hippogriffs
  A wyvern (D:15)
  A wraith (D:14)
  12 yaks
  2 hogs (D:7)
  Grum (D:8)
  9 vampire mosquitoes
  A hungry ghost (D:8)
  A human (D:7)
  4 basilisks
  Menkaure (D:7)
  3 acid dragons
  2 water moccasins (Lair:2)
  5 ice beasts
  9 orc warriors
  A black bear (D:8)
  2 necrophages (D:9)
  5 wolves
  3 ogres (D:6)
  5 centaurs
  2 crocodiles
  2 big kobolds
  10 bullfrogs
  Blork the orc (D:5)
  A wyvern zombie (D:15)
  A scorpion (D:5)
  16 killer bees
  4 wights (D:14)
  5 howler monkeys
  A quasit (Abyss:1)
  2 bullfrog skeletons
  4 crimson imps
  A human zombie (D:6)
  8 orc priests
  8 hounds
  2 jellies
  3 centaur skeletons
  3 iguanas
  Jessica (D:2)
  5 orc wizards
  4 human skeletons (D:6)
  5 worker ants
  Terence (D:2)
  A killer bee zombie (D:9)
  A hound skeleton (D:5)
  12 adders
  5 gnolls
  3 river rats (Sewer)
  3 shadow imps
  A white imp (Abyss:1)
  An ooze (D:5)
  An adder zombie (D:9)
  2 adder skeletons (D:4)
  6 leopard geckos
  50 orcs
  10 giant cockroaches
  12 goblins
  11 hobgoblins
  3 jackals (D:2)
  15 kobolds
  A quokka (D:3)
  11 ball pythons
  7 bats
  6 frilled lizards
  An orc zombie (D:6)
  38 rats
  A bush (D:8)
397 creatures vanquished.

Vanquished Creatures (others)
  2 death knights (D:15)
  The ghost of Allophanate the Grappler, a novice TrMo of Ru (D:9)
  2 ugly things
  A komodo dragon (Lair:1)
  A slime creature (D:13)
  2 hogs (D:7)
  2 yaks
  2 necrophages (D:9)
  An orc warrior (D:8)
  An ogre (D:10)
  A bullfrog (Lair:2)
  A jelly (D:14)
  A bullfrog zombie (D:8)
  2 orc wizards
  A gnoll (D:6)
  6 fungi (Lair:2)
  10 plants
  70 toadstools
107 creatures vanquished.

Grand Total: 504 creatures vanquished

Notes
Turn   | Place    | Note
-------+----------+-------------------------------------------
     0 | D:1      | KoningWillie the Minotaur Fighter began the quest for the Orb.
     0 | D:1      | Reached XP level 1. HP: 19/19 MP: 0/0
   137 | D:1      | Reached XP level 2. HP: 27/27 MP: 1/1
   595 | D:2      | Reached XP level 3. HP: 31/33 MP: 2/2
   675 | D:2      | Reached skill level 3 in Axes
   746 | D:2      | Noticed Jessica
   749 | D:2      | Killed Jessica
   813 | D:2      | Reached XP level 4. HP: 39/40 MP: 3/3
   840 | D:2      | Noticed Terence
   854 | D:2      | Killed Terence
   974 | D:2      | Found a glowing silver altar of Zin.
   977 | D:2      | Found a basalt altar of Yredelemnul.
  1608 | D:3      | Reached skill level 4 in Axes
  1634 | D:3      | Noticed Andry07's ghost (amateur GrFi)
  1801 | D:4      | Found a snail-covered altar of Cheibriados.
  1858 | D:4      | Reached skill level 1 in Dodging
  1858 | D:4      | Reached XP level 5. HP: 33/46 MP: 4/4
  2053 | D:4      | Reached skill level 5 in Armour
  2231 | D:4      | Reached XP level 6. HP: 53/53 MP: 5/5
  2516 | D:4      | Found a staircase to the Ecumenical Temple.
  2525 | Temple   | Entered the Ecumenical Temple
  2949 | D:4      | Found a bloodstained altar of Trog.
  2972 | D:4      | Reached skill level 5 in Axes
  3041 | D:5      | Entered Level 5 of the Dungeon
  3178 | D:5      | Found a shadowy altar of Dithmenos.
  3234 | D:5      | Reached skill level 6 in Axes
  3234 | D:5      | Reached XP level 7. HP: 50/60 MP: 6/6
  3558 | D:5      | Found Ojoezocu's Antique Weapon Emporium.
  3741 | D:5      | Noticed Blork the orc
  3747 | D:5      | Noticed Eustachio
  3751 | D:5      | Killed Blork the orc
  3751 | D:5      | Reached skill level 5 in Shields
  3796 | D:6      | Found a glowing drain.
  3805 | Sewer    | Entered a sewer
  4119 | Sewer    | Reached skill level 5 in Fighting
  4405 | Sewer    | Reached skill level 7 in Axes
  4670 | D:6      | Found an ancient bone altar of Kikubaaqudgha.
  4677 | D:6      | Found a glowing golden altar of the Shining One.
  4696 | D:6      | Reached XP level 8. HP: 68/68 MP: 7/7
  5101 | D:6      | Found Eshroj's Gadget Emporium.
  5163 | D:5      | Bought a glowing broad axe for 238 gold pieces
  5544 | D:6      | Reached skill level 8 in Axes
  5817 | D:6      | Found a deep blue altar of Sif Muna.
  6338 | D:7      | Noticed Menkaure
  6345 | D:7      | Killed Menkaure
  6345 | D:7      | Reached skill level 9 in Axes
  6600 | D:7      | Reached XP level 9. HP: 37/75 MP: 8/8
  7306 | D:7      | Found Inig's Jewellery Boutique.
  7314 | D:7      | Bought a +2 amulet of reflection for 105 gold pieces
  7535 | D:7      | Reached skill level 10 in Axes
  8072 | D:8      | Noticed an elephant
  8125 | D:9      | Noticed Allophanate's ghost (novice TrMo)
  8140 | D:8      | Noticed Grum
  8156 | D:8      | Killed Grum
  8156 | D:8      | Reached skill level 11 in Axes
  8324 | D:8      | Found a blossoming altar of Fedhas.
  8324 | D:8      | Found a shattered altar of Ashenzari.
  8324 | D:8      | Found a bloodstained altar of Trog.
  8328 | D:8      | Became a worshipper of Fedhas Madash
  8389 | D:8      | Found a staircase to the Lair.
  8391 | D:8      | Reached XP level 10. HP: 77/86 MP: 9/9
  8392 | D:8      | Noticed Joseph
  8666 | D:8      | Killed an elephant
  8946 | D:8      | Killed Joseph
  8946 | D:8      | Reached skill level 12 in Axes
  8998 | Lair:1   | Entered Level 1 of the Lair of Beasts
  9357 | Lair:1   | Noticed a black mamba
  9362 | Lair:1   | Killed a black mamba
  9490 | Lair:1   | Noticed a spiny frog
  9495 | Lair:1   | Killed a spiny frog
  9498 | Lair:1   | Reached skill level 13 in Axes
  9498 | Lair:1   | Reached skill level 10 in Armour
  9827 | Lair:2   | Reached * piety under Fedhas
  9829 | Lair:2   | Reached XP level 11. HP: 95/95 MP: 10/10
 10098 | Lair:2   | Noticed a five-headed hydra
 10543 | D:8      | Noticed a two-headed ogre
 10560 | D:9      | Banished Allophanate's ghost
 10863 | D:9      | Reached ** piety under Fedhas
 11025 | D:9      | Noticed a hand axe
 11025 | D:9      | Noticed a dagger
 11028 | D:9      | Found a hide-covered altar of Uskayaw.
 11126 | D:9      | Found a blossoming altar of Fedhas.
 11135 | D:9      | Reached skill level 14 in Axes
 11135 | D:9      | Reached skill level 10 in Shields
 11348 | D:10     | Entered Level 10 of the Dungeon
 11359 | D:10     | Noticed Snorg
 11368 | D:10     | Banished Snorg
 11528 | D:10     | Noticed Psyche
 11539 | D:10     | Killed Psyche
 11556 | D:11     | Noticed a red ugly thing
 11561 | D:11     | Banished a red ugly thing
 11945 | D:11     | Found a staircase to the Orcish Mines.
 11958 | D:11     | Noticed a two-headed ogre
 12082 | D:11     | Got a pitted hand axe
 12198 | D:11     | Found a portal to a secret trove of treasure.
 12248 | D:11     | Killed a two-headed ogre
 12276 | D:11     | Reached *** piety under Fedhas
 12601 | D:11     | Identified the +7 hand axe "Fohul" {freeze, rN+ Dex+5} (You found it on level 11 of the Dungeon)
 12653 | D:12     | Noticed Andry07's ghost (journeyman GrFi)
 12705 | D:12     | Noticed Maurice
 12719 | D:12     | Killed Maurice
 12719 | D:12     | Reached skill level 15 in Axes
 12847 | D:13     | Reached XP level 12. HP: 105/105 MP: 11/11
 13025 | D:13     | Noticed a two-headed ogre
 13043 | D:13     | Killed a two-headed ogre
 13216 | D:13     | Noticed a death knight
 13242 | D:13     | Found an ancient bone altar of Kikubaaqudgha.
 13482 | D:14     | Noticed a two-headed ogre
 13518 | D:14     | Killed a two-headed ogre
 13518 | D:14     | Reached skill level 10 in Fighting
 13873 | D:14     | Noticed a two-headed ogre
 13885 | D:14     | Killed a two-headed ogre
 13885 | D:14     | Reached skill level 16 in Axes
 14152 | D:14     | Found a gate to the Vaults.
 14152 | D:14     | Noticed a vault guard
 14152 | D:14     | Noticed a vault guard
 14152 | D:14     | Noticed a vault guard
 14152 | D:14     | Noticed a six-headed hydra
 14152 | D:14     | Noticed a vault guard
 14202 | D:15     | Entered Level 15 of the Dungeon
 14700 | D:15     | Found Fuciteke's Book Shop.
 14734 | D:15     | Noticed a death knight
 14744 | D:15     | Banished a death knight
 14744 | D:15     | Reached skill level 1 in Stealth
 15060 | D:15     | Found a glowing golden altar of the Shining One.
 15087 | D:15     | Noticed a death knight
 15394 | D:15     | Banished a death knight
 15394 | D:15     | Reached XP level 13. HP: 105/115 MP: 12/12
 15435 | D:15     | Noticed Sonja
 15437 | D:15     | Paralysed by Sonja for 4 turns
 15477 | D:15     | Cast into level 1 of the Abyss (Sonja)
 15550 | Abyss:1  | HP: 1/116 [hell hog/fireball (14)]
 15552 | Abyss:1  | Killed from afar by a hell hog

Skill      XL: |  1  2  3  4  5  6  7  8  9 10 11 12 13 |
---------------+----------------------------------------+-----
Armour         | 4 5 6 7 8 10 11 12 | 12.1
Shields        | 4 6 7 8 9 10 11 12 | 12.0
Axes           | 3 4 6 7 9 11 13 15 16 | 16.9
Dodging        | 1 2 3 |  3.6
Fighting       | 4 5 6 7 8 9 10 11 | 11.0
Stealth        | 1 |  1.4
Evocations     | |  0.8

Action                   |  1- 3 |  4- 6 |  7- 9 | 10-12 | 13-15 || total
-------------------------+-------+-------+-------+-------+-------++-------
Melee: War axe           |    77 |   118 |   169 |       |       ||   364
       Headbutt          |    10 |    20 |    54 |    91 |     7 ||   182
       Broad axe         |       |       |   176 |   475 |    34 ||   685
Invok: Fungal Bloom      |       |       |       |    26 |       ||    26
Evoke: Wand              |       |       |     2 |     3 |       ||     5
  Use: Scroll            |     4 |     6 |     6 |    15 |     1 ||    32
       Potion            |       |       |     3 |     6 |     2 ||    11
 Stab: Distracted        |       |       |       |     2 |       ||     2
  Eat: Chunk             |       |     2 |     3 |       |       ||     5
       Bread ration      |       |     2 |     1 |     2 |       ||     5
       Royal jelly       |       |       |     3 |       |       ||     3
       Meat ration       |       |       |       |     3 |       ||     3
Armor: Scale mail        |    47 |    60 |    80 |       |       ||   187
       Plate armour      |       |       |    80 |   175 |    16 ||   271
Dodge: Dodged            |    23 |    30 |   122 |    78 |     6 ||   259
Block: Shield            |    45 |    44 |   248 |   294 |    20 ||   651
       Reflection        |       |       |     1 |    20 |     5 ||    26
